 Dungeon Crawl Stone Soup version 0.23.0-33-g5e6c059 (webtiles) character file.

Game seed: 0

3224 Folque the Geomancer (level 9, -4/67 HPs)
             Began as a White Draconian Earth Elementalist on Feb 26, 2019.
             Was an Initiate of Vehumet.
             Slain by a four-headed hydra (8 damage)
             ... on level 12 of the Dungeon.
             The game lasted 00:27:32 (6463 turns).

Folque the Geomancer (DrEE)                         Turns: 6463, Time: 00:27:32

Health: -4/67      AC:  8    Str: 12    XL:     9   Next: 66%
Magic:  2/16       EV: 12    Int: 18    God:    Vehumet [......]
Gold:   276        SH:  0    Dex: 16    Spells: 3/18 levels left

rFire    . . .     SeeInvis +   h - +4 quarterstaff (chaos)
rCold    + . .     Gourm    .   (shield currently unavailable)
rNeg     . . .     Faith    .   (armour unavailable)
rPois    .         Spirit   .   (helmet restricted)
rElec    .         Reflect  .   j - +0 cloak
rCorr    .         Harm     .   (no gloves)
MR       .....                  (no boots)
Stlth    +++.......             (no amulet)
HPRegen  0.21/turn              o - ring of see invisible
MPRegen  0.15/turn              a - +5 ring of dexterity

@: lethally poisoned (-4 -> -9), short of breath
A: breathe frost, unfitting armour, cold resistance 1, cold-blooded, AC +7
a: Breathe Frost, Renounce Religion


You were on level 12 of the Dungeon.
You worshipped Vehumet.
Vehumet was noncommittal.
You were not hungry.

You visited 2 branches of the dungeon, and saw 11 of its levels.
You also visited: Sewer.

You collected 276 gold pieces.

Inventory:

Hand Weapons
 d - a +0 mace
 h - a +4 quarterstaff of chaos (weapon)
 m - a +0 dagger of venom
 F - a +2 long sword of holy wrath
Missiles
 b - 287 stones (quivered)
 w - 2 throwing nets
Armour
 j - a +0 cloak (worn)
Magical Staves
 G - an uncursed staff of conjuration
Jewellery
 a - a +5 ring of dexterity (right hand)
 o - a ring of see invisible (left hand)
 q - an uncursed amulet of guardian spirit
 E - a +2 amulet of reflection {unknown}
Wands
 D - a wand of flame (7)
Scrolls
 g - 6 scrolls of magic mapping
 k - a scroll of fear
 l - a scroll of remove curse {unknown}
 p - a scroll of noise {unknown}
 u - 3 scrolls of teleportation
 v - a scroll of enchant weapon {unknown}
 y - a scroll of fog
 C - a scroll of blinking {unknown}
 H - a scroll of enchant armour
Potions
 e - a potion of brilliance {unknown}
 f - 2 potions of curing
 i - a potion of resistance {unknown}
 n - a potion of flight {unknown}
 r - a potion of invisibility
 s - a potion of ambrosia {unknown}
 x - a potion of might {unknown}
 z - 2 potions of heal wounds {unknown}
 A - 2 potions of magic {unknown}
 B - a potion of mutation {unknown}
Comestibles
 c - 14 rations


   Skills:
 - Level 2.1 Fighting
 - Level 4.0 Short Blades
 - Level 1.7 Dodging
 - Level 5.1 Stealth
 - Level 5.0 Spellcasting
 + Level 6.5 Conjurations
 - Level 3.2 Transmutations
 * Level 8.2 Earth Magic


You had 3 spell levels left.
You knew the following spells:

 Your Spells              Type           Power        Failure   Level  Hunger
a - Sandblast             Erth           ####..       1%          1    None
b - Passwall              Tmut/Erth      ####....     1%          2    #......
c - Stone Arrow           Conj/Erth      ####..       1%          3    ##.....
d - Lee's Rapid Deconstr  Erth           ####......   13%         5    ######.
e - Petrify               Tmut/Erth      ####....     13%         4    ####...

Your spell library contained the following spells:

 Spells                   Type           Power        Failure   Level  Hunger


Dungeon Overview and Level Annotations

Branches:
Dungeon (9/15)             Temple (1/1) D:6
   Lair: D:8-11         Orc: D:9-12

Altars:
Ashenzari
Dithmenos
Elyvilon
Fedhas
Gozag
Kikubaaqudgha
Makhleb
Nemelex Xobeh
Okawaru
Ru
Uskayaw
Vehumet
Wu Jian
Yredelemnul
Zin
Beogh
Lugonu

Portals:
Bailey: D:12

Annotations:
D:8 3 runed translucent doors, tyn's ghost, novice DrBe


Innate Abilities, Weirdness & Mutations

You can breathe waves of freezing cold.
You can buffet flying creatures when you breathe cold.
Your icy white scales are hard. (AC +7)
You cannot fit into any form of body armour.
Your flesh is cold resistant. (rC+)
You are cold-blooded and may be slowed by cold attacks.


Message History

The scorpion stings you.
You are poisoned.
The scorpion poisons you!
You hear the faint creaking of a very distant portcullis.
You feel sick.
You feel sick.
Okay, then.
Wield which item (- for none, * to show all)? (? for menu, Esc to quit)
Your +4 quarterstaff of chaos is briefly surrounded by a scintillating aura of random colours.
h - a +4 quarterstaff of chaos (weapon)
You feel sick.
You hit the four-headed hydra but do no damage.
You tail-slap the four-headed hydra.
The four-headed hydra is moderately wounded.
You feel sick. The four-headed hydra bites you.
* * * LOW HITPOINT WARNING * * *
The four-headed hydra bites you!
* * * LOW HITPOINT WARNING * * *
The four-headed hydra bites you!
You die...

#### #..# #..#
#######..########
.................
...<.............
.....D...........
#..############........
.......@D..............
........s..............
##############..#######
#..# #..# #... .....
######


You could see a four-headed hydra and a scorpion.

Vanquished Creatures
  Prince Ribbit (D:5)
  Sigmund (D:5)
  A spriggan (D:7)
  A wyvern (D:8)
  Edmund (D:5)
  3 ice beasts
  2 sky beasts (D:7)
  A black bear (D:6)
  3 phantoms
  3 ogres
  2 centaurs
  2 bullfrogs
  2 wyvern skeletons (D:8)
  A wight (D:12)
  A crimson imp (D:7)
  A centaur zombie (D:7)
  2 orc priests (D:8)
  Crazy Yiuf (D:2)
  6 hounds
  3 jellies
  2 orc wizards
  9 worker ants
  A hound zombie (D:6)
  8 adders
  4 gnolls (D:4)
  A howler monkey skeleton (D:4)
  A shadow imp (D:7)
  3 worms
  4 dart slugs
  10 leopard geckos
  11 orcs
  7 ball pythons
  7 giant cockroaches
  8 goblins
  9 hobgoblins
  9 jackals
  2 quokkas (D:5)
  11 bats
  7 frilled lizards
  A jackal skeleton (D:5)
  11 kobolds
  A quokka zombie (D:5)
  8 rats
173 creatures vanquished.

Vanquished Creatures (others)
  A bush (D:9)
  A plant (D:9)
2 creatures vanquished.

Grand Total: 175 creatures vanquished

Notes
Turn   | Place    | Note
-------+----------+-------------------------------------------
     0 | D:1      | Folque the Draconian Earth Elementalist began the quest for
                  | the Orb.
     0 | D:1      | Reached XP level 1. HP: 14/14 MP: 3/3
   150 | D:1      | Reached skill level 1 in Fighting
   150 | D:1      | Reached XP level 2. HP: 17/23 MP: 1/5
   441 | D:1      | Learned a level 2 spell: Passwall
   545 | D:1      | Reached XP level 3. HP: 26/28 MP: 6/6
   792 | D:2      | Found a sparkling altar of Nemelex Xobeh.
   848 | D:2      | Found a runed translucent door.
   849 | D:2      | Noticed Crazy Yiuf
   863 | D:2      | Killed Crazy Yiuf
   863 | D:2      | Reached XP level 4. HP: 16/36 MP: 0/8
  1020 | D:2      | Learned a level 3 spell: Stone Arrow
  1061 | D:2      | Reached skill level 4 in Earth Magic
  1100 | D:2      | Reached skill level 1 in Conjurations
  1369 | D:3      | Found a blossoming altar of Fedhas.
  1478 | D:3      | Reached XP level 5. HP: 41/41 MP: 0/10
  1525 | D:3      | Noticed an ice beast
  1529 | D:3      | Killed an ice beast
  1763 | D:3      | Found a glowing silver altar of Zin.
  1899 | D:3      | Learned a level 5 spell: Lee's Rapid Deconstruction
  1933 | D:4      | Reached XP level 6. HP: 48/48 MP: 12/12
  2068 | D:4      | HP: 2/48 [poisoned by an orc wizard]
  2076 | D:4      | HP: 2/48 [poisoned by an orc wizard]
  2084 | D:4      | HP: 1/48 [poisoned by an orc wizard]
  2351 | D:4      | Reached skill level 5 in Earth Magic
  2411 | D:4      | Found a blossoming altar of Fedhas.
  2692 | D:4      | Reached skill level 5 in Spellcasting
  2701 | D:4      | Learned a level 4 spell: Petrify
  2745 | D:5      | Entered Level 5 of the Dungeon
  2745 | D:5      | Noticed Edmund
  2838 | D:5      | Noticed Sigmund
  2845 | D:5      | Killed Sigmund
  2845 | D:5      | Your scales start taking on an icy white colour.
  2845 | D:5      | Reached XP level 7. HP: 55/55 MP: 1/14
  2845 | D:5      | Gained mutation: Your flesh is cold resistant. (rC+) [White
                  | Draconian growth]
  3035 | D:5      | Found a glowing drain.
  3047 | Sewer    | Entered a sewer
  3714 | D:5      | Noticed Prince Ribbit
  3722 | D:5      | Killed Prince Ribbit
  3722 | D:5      | Reached skill level 6 in Earth Magic
  3754 | D:5      | Reached XP level 8. HP: 35/61 MP: 4/15
  3767 | D:5      | Found an iron altar of Okawaru.
  3837 | D:5      | Found an ornate altar of the Wu Jian Council.
  3908 | D:5      | Killed Edmund
  4008 | D:6      | Found a radiant altar of Vehumet.
  4080 | D:6      | Found a white marble altar of Elyvilon.
  4290 | D:6      | Reached skill level 1 in Short Blades
  4315 | D:6      | Found a staircase to the Ecumenical Temple.
  4318 | D:6      | Reached skill level 5 in Conjurations
  4328 | Temple   | Entered the Ecumenical Temple
  4718 | D:7      | Reached skill level 7 in Earth Magic
  4763 | D:7      | Found a basalt altar of Yredelemnul.
  4764 | D:7      | Found a sacrificial altar of Ru.
  4859 | D:7      | Reached XP level 9. HP: 67/67 MP: 16/16
  5570 | D:6      | Became a worshipper of Vehumet
  5781 | D:8      | Reached skill level 5 in Stealth
  6119 | D:8      | Found a runed translucent gate.
  6119 | D:8      | Found a runed translucent gate.
  6119 | D:8      | Found a runed translucent gate.
  6121 | D:8      | Noticed tyn's ghost (novice DrBe)
  6130 | D:8      | Found a roughly hewn altar of Beogh.
  6208 | D:8      | Reached skill level 8 in Earth Magic
  6385 | D:9      | Noticed a troll
  6410 | D:9      | You fall through a shaft for 3 floors!
  6434 | D:12     | Found a flagged portal.
  6446 | D:12     | Noticed a four-headed hydra
  6463 | D:12     | Slain by a four-headed hydra

Skill      XL: |  1  2  3  4  5  6  7  8  9 |
---------------+----------------------------+-----
Fighting       | 1 2 |  2.1
Spellcasting   | 3 4 5 |  5.0
Earth Magic    | 4 5 6 7 8 |  8.2
Conjurations   | 1 3 5 6 |  6.5
Transmutations | 2 3 |  3.2
Stealth        | 4 5 |  5.1
Short Blades   | 2 4 |  4.0
Dodging        | |  1.7

Action                   |  1- 3 |  4- 6 |  7- 9 || total
-------------------------+-------+-------+-------++-------
Melee: Mace              |    69 |       |       ||    69
       Unarmed           |    10 |       |       ||    10
       Tailslap          |     5 |     5 |    31 ||    41
       Quarterstaff      |       |    83 |   141 ||   224
       Dagger            |       |       |    33 ||    33
       Staff             |       |       |    37 ||    37
 Cast: Sandblast         |    15 |    19 |    36 ||    70
       Passwall          |     1 |     1 |     1 ||     3
       Stone Arrow       |       |    20 |    52 ||    72
       Petrify           |       |     1 |     9 ||    10
       Lee's Rapid Decon |       |     1 |     4 ||     5
 Abil: Breathe Frost     |       |       |     3 ||     3
Evoke: Wand              |       |       |     2 ||     2
  Use: Scroll            |     2 |       |    12 ||    14
       Potion            |       |     1 |     4 ||     5
 Stab: Sleeping          |     2 |     5 |     8 ||    15
       Petrified         |       |       |    27 ||    27
  Eat: Chunk             |       |     9 |    16 ||    25
       Ration            |       |       |     2 ||     2
Armor: Skin              |    30 |    32 |    66 ||   128
Dodge: Dodged            |    66 |    72 |   131 ||   269
